TOP OF THE 1ST |
El Paso Chihuahuas batting - Pitching for Hudson Valley Renegades : LHP Tim Cate
|
Pitching: LHP Tim Cate
|
|
Batting: RHB Matthew Batten
|
0-0: Fly out, F7 (Flyball, 7S, EV 79.4 MPH)
|
Batting: RHB Eguy Rosario
|
0-0: Ball 1-0: Foul Ball, location: 5SF 1-1: Swinging Strike 1-2: Ball 2-2: Strikes out looking
|
Batting: RHB Brandon Dixon
|
0-0: Ball 1-0: Ball 2-0: Ball 3-0: Called Strike 3-1: Base on Balls
|
Batting: LHB David Dahl
|
0-0: Ball 1-0: Called Strike 1-1: Ball 2-1: Ground out 5-3 (Groundball, 56S, EV 82.5 MPH)
|
Top of the 1st over - 0 runs, 0 hits, 0 errors, 1 left on base; El Paso 0 - Hudson Valley 0 |
BOTTOM OF THE 1ST |
Hudson Valley Renegades batting - Pitching for El Paso Chihuahuas : RHP Angel Sanchez
|
Pitching: RHP Angel Sanchez
|
|
Batting: RHB Jeter Downs
|
0-0: Ball 1-0: Ball 2-0: Ball 3-0: Base on Balls
|
Batting: RHB Ethan Murray
|
0-0: Ball 1-0: Ball 2-0: Swinging Strike 2-1: Foul Ball, location: 2F 2-2: Ball 3-2: Foul Ball, location: 2F 3-2: Foul Ball, location: 2F 3-2: Strikes out swinging Jeter Downs steals 2nd base Batter strikes out.
|
Batting: LHB Roby Enriquez
|
0-0: Ground out U3 (Groundball, 34, EV 98.1 MPH) Jeter Downs to third
|
Batting: RHB Wilmer Perez
|
0-0: Ball 1-0: Called Strike 1-1: Swinging Strike 1-2: Ground out 6-3 (Groundball, 6, EV 84.4 MPH)
|
Bottom of the 1st over - 0 runs, 0 hits, 0 errors, 1 left on base; El Paso 0 - Hudson Valley 0 |
TOP OF THE 2ND |
El Paso Chihuahuas batting - Pitching for Hudson Valley Renegades : LHP Tim Cate
|
Batting: RHB Jantzen Witte
|
0-0: Called Strike 0-1: Ball 1-1: Foul Ball, location: 3DF 1-2: Ground out 4-3 (Groundball, 4, EV 90.0 MPH)
|
Batting: RHB Pedro Severino
|
0-0: Swinging Strike 0-1: Swinging Strike 0-2: Ball 1-2: Ball 2-2: Strikes out swinging
|
Batting: RHB Yorman Rodriguez
|
0-0: Ball 1-0: Foul Ball, location: 9LSF 1-1: Called Strike 1-2: Ball 2-2: Ground out 6-3 (Groundball, 6, EV 107.5 MPH)
|
Top of the 2nd over - 0 runs, 0 hits, 0 errors, 0 left on base; El Paso 0 - Hudson Valley 0 |
BOTTOM OF THE 2ND |
Hudson Valley Renegades batting - Pitching for El Paso Chihuahuas : RHP Angel Sanchez
|
Batting: RHB Billy Cook
|
0-0: Called Strike 0-1: Fly out, F7 (Flyball, 78S, EV 89.4 MPH)
|
Batting: SHB Isiah Gilliam
|
0-0: Called Strike 0-1: Swinging Strike 0-2: Foul Ball, location: 9LMF 0-2: Ball 1-2: Foul Ball, location: 2LF 1-2: Ball 2-2: Foul Ball, location: 2F 2-2: Ball 3-2: Strikes out swinging
|
Batting: RHB Cristopher Navarro
|
0-0: Called Strike 0-1: SINGLE (Groundball, 34D, EV 101.3 MPH)
|
Batting: LHB Angel Basabe
|
0-0: Called Strike 0-1: Ground out 4-3 (Groundball, 34, EV 101.9 MPH)
|
Bottom of the 2nd over - 0 runs, 1 hit, 0 errors, 1 left on base; El Paso 0 - Hudson Valley 0 |
TOP OF THE 3RD |
El Paso Chihuahuas batting - Pitching for Hudson Valley Renegades : LHP Tim Cate
|
Batting: RHB Tim Lopes
|
0-0: Ball 1-0: Foul Ball, location: 9LSF 1-1: Foul Ball, location: 7LDF 1-2: Ground out 4-3 (Groundball, 4, EV 101.3 MPH)
|
Batting: LHB Taylor Kohlwey
|
0-0: Foul Ball, location: 3SF 0-1: Foul Ball, location: 2F 0-2: Ground out 1-3 (Groundball, 13S, EV 75.0 MPH)
|
Batting: RHB Matthew Batten
|
0-0: Called Strike 0-1: Swinging Strike 0-2: Foul Ball, location: 2F 0-2: Ball 1-2: Foul Ball, location: 3F 1-2: Ball 2-2: Strikes out swinging
|
Top of the 3rd over - 0 runs, 0 hits, 0 errors, 0 left on base; El Paso 0 - Hudson Valley 0 |
BOTTOM OF THE 3RD |
Hudson Valley Renegades batting - Pitching for El Paso Chihuahuas : RHP Angel Sanchez
|
Batting: LHB Konner Piotto
|
0-0: SINGLE (Line Drive, 89M, EV 90.6 MPH)
|
Batting: RHB Jeter Downs
|
0-0: Bunted foul 0-1: Foul Ball, location: 2F 0-2: Ball 1-2: Ball 2-2: Ball 3-2: DOUBLE (Flyball, 8LXD, EV 103.1 MPH) Konner Piotto to third
|
Batting: RHB Ethan Murray
|
0-0: Ball 1-0: Ball 2-0: Called Strike 2-1: Foul Ball, location: 3SF 2-2: Ground out 4-3 (Groundball, P, EV 80.0 MPH)
|
Batting: LHB Roby Enriquez
|
0-0: Ball 1-0: Ball 2-0: Foul Ball, location: 23F 2-1: Ground out 4-3 (Groundball, 34S, EV 89.4 MPH)
|
Batting: RHB Wilmer Perez
|
0-0: Called Strike 0-1: Swinging Strike 0-2: SINGLE (Line Drive, 56, EV 94.4 MPH) Konner Piotto scores Jeter Downs to third Runner from 3rd tries for Home, SAFE, throw by LF to home
|
Batting: RHB Billy Cook
|
0-0: Ball 1-0: Called Strike 1-1: Foul Ball, location: 3SF 1-2: Strikes out swinging
|
Bottom of the 3rd over - 2 runs, 3 hits, 0 errors, 1 left on base; El Paso 0 - Hudson Valley 2 |
TOP OF THE 4TH |
El Paso Chihuahuas batting - Pitching for Hudson Valley Renegades : LHP Tim Cate
|
Batting: RHB Eguy Rosario
|
0-0: Ball 1-0: Ball 2-0: Called Strike 2-1: Ball 3-1: Fly out, F8 (Flyball, 8LXD, EV 80.0 MPH)
|
Batting: RHB Brandon Dixon
|
0-0: Ball 1-0: Ball 2-0: Ball 3-0: Called Strike 3-1: Foul Ball, location: 2LF 3-2: Strikes out looking
|
Batting: LHB David Dahl
|
0-0: Swinging Strike 0-1: Ball 1-1: Swinging Strike 1-2: Foul Ball, location: 23F 1-2: Ball 2-2: TRIPLE (Line Drive, 89XD, EV 105.0 MPH)
|
Batting: RHB Jantzen Witte
|
0-0: Swinging Strike 0-1: Ball 1-1: SINGLE (Line Drive, 6MD, EV 110.6 MPH) David Dahl scores
|
Batting: RHB Pedro Severino
|
0-0: Ball 1-0: Called Strike 1-1: Foul Ball, location: 2F 1-2: Strikes out looking
|
Top of the 4th over - 1 run, 2 hits, 0 errors, 1 left on base; El Paso 1 - Hudson Valley 2 |
BOTTOM OF THE 4TH |
Hudson Valley Renegades batting - Pitching for El Paso Chihuahuas : RHP Angel Sanchez
|
Batting: SHB Isiah Gilliam
|
0-0: Called Strike 0-1: Foul Ball, location: 2F 0-2: Foul Ball, location: 9LSF 0-2: Ball 1-2: Foul Ball, location: 3FF 1-2: Fly out, F9 (Flyball, 89M, EV 78.1 MPH)
|
Batting: RHB Cristopher Navarro
|
0-0: Ball 1-0: SINGLE (Line Drive, 34D, EV 95.6 MPH)
|
Batting: LHB Angel Basabe
|
0-0: Called Strike 0-1: Ball 1-1: Ball 2-1: Grounds into double play, 4-6-3 (Groundball, 4, EV 108.8 MPH)
|
Bottom of the 4th over - 0 runs, 1 hit, 0 errors, 0 left on base; El Paso 1 - Hudson Valley 2 |
TOP OF THE 5TH |
El Paso Chihuahuas batting - Pitching for Hudson Valley Renegades : LHP Tim Cate
|
Batting: RHB Yorman Rodriguez
|
0-0: SINGLE (Groundball, 23, EV 68.1 MPH) (infield hit)
|
Batting: RHB Tim Lopes
|
0-0: Foul Ball, location: 9LMF 0-1: Ball 1-1: Ball 2-1: SINGLE (Line Drive, 6M, EV 94.4 MPH) Yorman Rodriguez to second Runner from 2nd tries for 3rd, OUT! 8-5
|
Batting: LHB Taylor Kohlwey
|
0-0: Foul Ball, location: 2LF 0-1: Called Strike 0-2: Ball 1-2: Foul Ball, location: 2F 1-2: Grounds into double play, 4-6-3 (Groundball, 4, EV 103.8 MPH)
|
Top of the 5th over - 0 runs, 2 hits, 0 errors, 0 left on base; El Paso 1 - Hudson Valley 2 |
BOTTOM OF THE 5TH |
Hudson Valley Renegades batting - Pitching for El Paso Chihuahuas : RHP Angel Sanchez
|
Batting: LHB Konner Piotto
|
0-0: Fly out, F6 (Popup, 6D, EV 74.4 MPH)
|
Batting: RHB Jeter Downs
|
0-0: Swinging Strike 0-1: Foul Ball, location: 5FF 0-2: Strikes out swinging
|
Batting: RHB Ethan Murray
|
0-0: Ground out 4-3 (Groundball, 4M, EV 99.4 MPH)
|
Bottom of the 5th over - 0 runs, 0 hits, 0 errors, 0 left on base; El Paso 1 - Hudson Valley 2 |
TOP OF THE 6TH |
El Paso Chihuahuas batting - Pitching for Hudson Valley Renegades : LHP Tim Cate
|
Batting: RHB Matthew Batten
|
0-0: Ball 1-0: Called Strike 1-1: Ball 2-1: Ball 3-1: Foul Ball, location: 9LSF 3-2: Ground out 4-3 (Groundball, 4, EV 108.8 MPH)
|
Batting: RHB Eguy Rosario
|
0-0: Ball 1-0: Foul Ball, location: 25FF 1-1: Fly out, F8 (Line Drive, 8RD, EV 102.5 MPH)
|
Batting: RHB Brandon Dixon
|
0-0: Ball 1-0: Ball 2-0: Called Strike 2-1: Foul Ball, location: 2F 2-2: Foul Ball, location: 2F 2-2: Strikes out swinging
|
Top of the 6th over - 0 runs, 0 hits, 0 errors, 0 left on base; El Paso 1 - Hudson Valley 2 |
BOTTOM OF THE 6TH |
Hudson Valley Renegades batting - Pitching for El Paso Chihuahuas : RHP Angel Sanchez
|
Batting: LHB Roby Enriquez
|
0-0: Called Strike 0-1: Ball 1-1: Swinging Strike 1-2: Foul Ball, location: 2F 1-2: Ball 2-2: Ball 3-2: Reached on error, E4 (Groundball, 34D, EV 108.1 MPH)
|
Batting: RHB Wilmer Perez
|
0-0: Ball 1-0: Ball 2-0: Ball 3-0: Called Strike 3-1: Grounds into double play, 6-4-3 (Groundball, 6M, EV 88.8 MPH)
|
Batting: RHB Billy Cook
|
0-0: Called Strike 0-1: Ball 1-1: Swinging Strike 1-2: Ball 2-2: Fly out, F6 (Popup, 56D, EV 57.5 MPH)
|
Bottom of the 6th over - 0 runs, 0 hits, 1 error, 0 left on base; El Paso 1 - Hudson Valley 2 |
TOP OF THE 7TH |
El Paso Chihuahuas batting - Pitching for Hudson Valley Renegades : LHP Tim Cate
|
Pitching: LHP Miguel Aguilar
|
|
Batting: LHB David Dahl
|
0-0: Ball 1-0: Called Strike 1-1: Fly out, F7 (Line Drive, 7, EV 94.4 MPH)
|
Batting: RHB Jantzen Witte
|
0-0: Called Strike 0-1: Ball 1-1: Foul Ball, location: 2F 1-2: Foul Ball, location: 2F 1-2: Foul Ball, location: 5F 1-2: Reached via error on a dropped throw from 3B, E3 (Groundball, 56S, EV 93.1 MPH)
|
Batting: RHB Pedro Severino
|
0-0: Ball 1-0: Ball 2-0: Fly out, F6 (Line Drive, 6, EV 74.4 MPH)
|
Batting: RHB Yorman Rodriguez
|
0-0: Ball 1-0: Foul Ball, location: 5FF 1-1: Fielders Choice at 2nd, 6-4 (Groundball, 6, EV 87.5 MPH)
|
Top of the 7th over - 0 runs, 0 hits, 1 error, 1 left on base; El Paso 1 - Hudson Valley 2 |
BOTTOM OF THE 7TH |
Hudson Valley Renegades batting - Pitching for El Paso Chihuahuas : RHP Angel Sanchez
|
Batting: SHB Isiah Gilliam
|
0-0: Ball 1-0: Ball 2-0: Ball 3-0: Called Strike 3-1: Called Strike 3-2: Foul Ball, location: 2F 3-2: Base on Balls
|
Batting: RHB Cristopher Navarro
|
0-0: Sac Bunt to 23 - play at first, batter OUT! 3-4 Isiah Gilliam to second
|
Batting: LHB Angel Basabe
|
0-0: 2-RUN HOME RUN (Flyball, 89XD, EV 100.0 MPH), Distance : 416 ft
|
Batting: LHB Konner Piotto
|
0-0: SINGLE (Line Drive, 56, EV 96.3 MPH)
|
Batting: RHB Jeter Downs
|
0-0: Ball 1-0: Ball 2-0: Foul Ball, location: 25F 2-1: Called Strike 2-2: Ball 3-2: Fly out, F7 (Flyball, 7S, EV 83.1 MPH)
|
Batting: RHB Ethan Murray
|
0-0: Ball 1-0: Foul Ball, location: 3F 1-1: Ball 2-1: Foul Ball, location: 7LSF 2-2: Fly out, F9 (Line Drive, 9LM, EV 96.9 MPH)
|
Bottom of the 7th over - 2 runs, 2 hits, 0 errors, 1 left on base; El Paso 1 - Hudson Valley 4 |
TOP OF THE 8TH |
El Paso Chihuahuas batting - Pitching for Hudson Valley Renegades : LHP Miguel Aguilar
|
Now at 2B: Jayce Easley
|
|
Now at SS: Jeter Downs
|
|
Batting: RHB Tim Lopes
|
0-0: Called Strike 0-1: Foul Ball, location: 9LDF 0-2: Ball 1-2: Strikes out swinging
|
Pinch Hitting: SHB Ripken Reyes
|
0-0: Ball 1-0: Ball 2-0: Called Strike 2-1: SINGLE (Groundball, 4MD, EV 98.8 MPH)
|
Batting: RHB Matthew Batten
|
0-0: Foul Ball, location: 5F 0-1: Ball 1-1: Ball 2-1: Swinging Strike 2-2: DOUBLE (Line Drive, 7LM, EV 97.5 MPH) Ripken Reyes to third Runner from 3rd tries for Home, SAFE, throw by LF to home
|
Batting: RHB Eguy Rosario
|
0-0: Foul Ball, location: 3F 0-1: Swinging Strike 0-2: Strikes out swinging
|
Batting: RHB Brandon Dixon
|
0-0: Ball 1-0: Called Strike 1-1: Ball Wild Pitch! Matthew Batten to third 2-1: Ground out 6-3 (Groundball, 6, EV 78.1 MPH)
|
Top of the 8th over - 1 run, 2 hits, 0 errors, 1 left on base; El Paso 2 - Hudson Valley 4 |
BOTTOM OF THE 8TH |
Hudson Valley Renegades batting - Pitching for El Paso Chihuahuas : RHP Angel Sanchez
|
Pitching: LHP Jackson Wolf
|
|
Now at 2B: Ripken Reyes
|
|
Now in LF: Tim Lopes
|
|
Batting: LHB Roby Enriquez
|
0-0: Ball 1-0: Ground out 4-3 (Groundball, 4M, EV 102.5 MPH)
|
Batting: RHB Wilmer Perez
|
0-0: Called Strike 0-1: Foul Ball, location: 9LDF 0-2: Ball 1-2: Ball 2-2: Fly out, F7 (Flyball, 7D, EV 98.1 MPH)
|
Batting: RHB Billy Cook
|
0-0: Ball 1-0: Fly out, F8 (Flyball, 8LD, EV 88.8 MPH)
|
Bottom of the 8th over - 0 runs, 0 hits, 0 errors, 0 left on base; El Paso 2 - Hudson Valley 4 |
TOP OF THE 9TH |
El Paso Chihuahuas batting - Pitching for Hudson Valley Renegades : LHP Miguel Aguilar
|
Pitching: RHP Dayeison Arias
|
|
Now at 1B: Brad Zunica
|
|
Now at SS: Isiah Gilliam
|
|
Batting: LHB David Dahl
|
0-0: Called Strike 0-1: Ground out 6-3 (Groundball, 6, EV 85.6 MPH)
|
Pinch Hitting: LHB Preston Tucker
|
0-0: Ball 1-0: Ball 2-0: Called Strike 2-1: Foul Ball, location: 5SF 2-2: Ball 3-2: SINGLE (Groundball, 4MD, EV 104.4 MPH)
|
Pinch Hitting: LHB Max Schrock
|
0-0: Ball 1-0: Swinging Strike 1-1: Swinging Strike 1-2: Ball 2-2: Ball 3-2: Base on Balls Preston Tucker to second
|
Pinch Runner at 2nd Jose Azocar:
|
|
Batting: RHB Yorman Rodriguez
|
0-0: Called Strike 0-1: Foul Ball, location: 2F 0-2: Ball 1-2: 3-RUN HOME RUN (Flyball, 7D, EV 95.0 MPH), Distance : 380 ft
|
Pinch Hitting: SHB Michael De La Cruz
|
0-0: SINGLE (Line Drive, 8RS, EV 95.6 MPH)
|
Batting: SHB Ripken Reyes
|
0-0: Ball 1-0: Called Strike Michael De La Cruz is caught stealing 2nd base 2-6 1-1: Swinging Strike 1-2: Strikes out swinging
|
Top of the 9th over - 3 runs, 3 hits, 0 errors, 0 left on base; El Paso 5 - Hudson Valley 4 |
|